 Dungeon Crawl Stone Soup version 0.20.1-1-g8b1a95d (webtiles) character file.

1892 straycat the Covert (level 8, -8/55 HPs)
             Began as a Vampire Wanderer on Sept 7, 2017.
             Mangled by an orc warrior
             ... wielding a +1 mace of protection
              (13 damage)
             ... on level 5 of the Dungeon.
             The game lasted 00:24:40 (5647 turns).

straycat the Covert (Vampire Wanderer)              Turns: 5647, Time: 00:24:40

Health: -8/55      AC:  7    Str: 10    XL:     8   Next: 93%
Magic:  8/8        EV: 21    Int: 14    God:
Gold:   344        SH:  0    Dex: 17    Spells: 7/7 levels left

rFire    + + .     SeeInvis +   H - +2 rapier (protect)
rCold    . . .     Gourm    .   (no shield)
rNeg     + . .     Faith    .   z - +0 leather armour {rF+}
rPois    .         Spirit   .   G - +0 helmet
rElec    .         Reflect  .   I - +0 cloak
rCorr    .         Harm     .   (no gloves)
MR       .....                  x - +1 pair of boots
Stlth    ++++......             (no amulet)
Regen    0.2/turn               w - +2 ring of evasion
MPRegen  0.2/turn               s - ring of protection from fire

@: berserk cooldown, slowed, very slow
A: fangs 3, see invisible, unbreathing
a: Bat Form


You were on level 5 of the Dungeon.
You were not thirsty.

You visited 1 branch of the dungeon, and saw 6 of its levels.

You collected 344 gold pieces.

Inventory:

Hand Weapons
 a - a +2 spear
 i - a +3 dagger of speed
 y - the +6 dagger "Ycareog" {freeze, +Blink +Rage rPois MR-}
   (You found it on level 4 of the Dungeon)

   It has been specially enchanted to freeze those struck by it, causing extra
   injury to most foes and up to half again as much damage against particularly
   susceptible opponents.
   It can also slow down cold-blooded creatures.
   It protects you from poison.
   It affects your resistance to hostile enchantments.
   It lets you blink.
   It lets you go berserk.
 E - a +4 short sword of flaming
 H - a +2 rapier of protection (weapon)
 L - a +0 shortbow
Missiles
 m - 39 arrows
 o - 8 poisoned needles
 D - 41 bolts
 M - 4 tomahawks (quivered)
Armour
 u - a +0 shield
 x - a +1 pair of boots (worn)
 z - a +0 leather armour of fire resistance (worn)
 G - a +0 helmet (worn)
 I - a +0 cloak (worn)
Jewellery
 s - a ring of protection from fire (right hand)
 w - a +2 ring of evasion (left hand)
 B - an uncursed ring of resist corrosion
 F - an uncursed ring of magical power
Wands
 e - a wand of acid (12/15)
Scrolls
 b - 2 scrolls of teleportation
 g - 2 scrolls of recharging
 j - 9 scrolls of remove curse
 q - 2 scrolls of immolation
Potions
 c - 4 potions of curing
 d - 4 potions of haste {unknown}
 f - 21 potions of blood
 h - a potion of ambrosia {unknown}
 l - 3 potions of lignification
 n - a potion of agility {unknown}
 p - 2 potions of cancellation
 r - a potion of mutation {unknown}
 v - a potion of berserk rage
 A - 2 potions of heal wounds {unknown}
 C - a potion of brilliance
 J - a potion of might


   Skills:
 - Level 1.7 Fighting
 - Level 1.7 Polearms
 - Level 1.0 Bows
 - Level 1.0 Throwing
 - Level 1.5 Armour
 * Level 10.3 Dodging
 + Level 10.5 Stealth


You had 7 spell levels left.
You didn't know any spells.

Dungeon Overview and Level Annotations

Branches:
Dungeon (6/15)
 Temple: D:4-7

Altars:


Innate Abilities, Weirdness & Mutations

You have razor-sharp teeth.
You have supernaturally acute eyesight. (SInv)
You can survive without breathing.


Message History

The orc warrior hits you with a mace of protection!
* * * LOW HITPOINT WARNING * * *
You hit the orc warrior.
The orc warrior is lightly wounded.
You hit the orc warrior but do no damage.
You bite the orc warrior, but do no damage.
The orc warrior is lightly wounded.
The orc warrior misses you.
You hit the orc warrior. Your bite misses the orc warrior.
The orc warrior is moderately wounded.
The orc warrior hits you with a mace of protection!
* * * LOW HITPOINT WARNING * * *
You are too berserk!
You are too berserk!
You feel a strong urge to attack something.
You are no longer berserk.
You are exhausted.
You feel yourself slow down.
The orc warrior hits you with a mace of protection!
You die...

###.......##..##......>.....##...
.##...........#.............#####
..#........##...#.............# #
#...............#..........##.# #
......(................#...##.###
.......................##........
.................................
..#..#..#........######..........
..##....###....o@...........##...
.#...........#.#.######.....##...
....%..........#.# #.....##...
..............##.# ########...
.[?.....##...###.## ######...[
..>)....†....# #..######.........
...#######...# ##.##.....#####...
..########.#.# #....##########..
.....<..##.#.# ###### ###.....#


You could see an orc warrior.

Vanquished Creatures
  The ghost of Zedayar the Ruffian, a novice TrFi of Trog (D:5)
  Grinder (D:5)
  Eustachio (D:5)
  Duvessa (D:5)
  An ice beast (D:5)
  The ghost of vatarom the Caller, an amateur DrSu (D:3)
  An ogre (D:5)
  A centaur (D:5)
  Dowan (D:5)
  3 scorpions
  3 wights
  A howler monkey (D:4)
  2 orc priests (D:3)
  A bullfrog skeleton (D:6)
  2 iguanas (D:5)
  3 orc wizards
  A river rat (D:4)
  7 adders
  5 oozes
  An adder skeleton (D:6)
  2 dart slugs (D:1)
  2 worms
  4 leopard geckos
  17 orcs
  9 bats
  2 giant cockroaches (D:1)
  8 goblins
  7 hobgoblins
  9 jackals
  12 kobolds
  5 quokkas
  3 frilled lizards
  4 rats
122 creatures vanquished.

Notes
Turn   | Place    | Note
-------+----------+-------------------------------------------
     0 | D:1      | straycat the Vampire Wanderer began the quest for the Orb.
     0 | D:1      | straycat set off with: a +2 spear, a scroll of teleportation, a potion of curing, a +0 robe, a +0 dagger, a potion of blood
     0 | D:1      | Reached XP level 1. HP: 16/16 MP: 1/1
   165 | D:1      | Reached skill level 1 in Dodging
   194 | D:1      | Reached XP level 2. HP: 18/22 MP: 2/2
   700 | D:1      | Reached XP level 3. HP: 18/27 MP: 3/3
  1309 | D:2      | Reached XP level 4. HP: 33/33 MP: 4/4
  1659 | D:3      | Noticed an orc warrior
  2293 | D:4      | Found a glowing drain.
  2357 | D:3      | Noticed vatarom's ghost (amateur DrSu)
  3102 | D:3      | Killed vatarom's ghost
  3102 | D:3      | Reached skill level 5 in Stealth
  3102 | D:3      | Reached XP level 5. HP: 26/38 MP: 5/5
  3188 | D:3      | Reached skill level 5 in Dodging
  3237 | D:3      | Reached XP level 6. HP: 42/44 MP: 6/6
  4221 | D:4      | Got a blackened dagger
  4222 | D:4      | Identified the +6 dagger "Ycareog" {freeze, +Blink +Rage rPois MR-} (You found it on level 4 of the Dungeon)
  4432 | D:5      | Entered Level 5 of the Dungeon
  4434 | D:5      | Reached XP level 7. HP: 49/49 MP: 7/7
  4449 | D:5      | Noticed Grinder
  4473 | D:5      | Paralysed by Grinder for 3 turns
  4483 | D:5      | Killed Grinder
  4806 | D:5      | Noticed Eustachio
  4812 | D:5      | Noticed Zedayar's ghost (novice TrFi)
  4813 | D:5      | Killed Eustachio
  4831 | D:5      | Killed Zedayar's ghost
  4831 | D:5      | Reached XP level 8. HP: 30/55 MP: 8/8
  5088 | D:5      | Noticed Duvessa
  5088 | D:5      | Noticed Dowan
  5097 | D:5      | Killed Duvessa
  5116 | D:5      | Killed Dowan
  5116 | D:5      | Reached skill level 10 in Stealth
  5259 | D:5      | Reached skill level 10 in Dodging
  5640 | D:5      | HP: 4/82 [orc warrior/mace of protection (8)]
  5647 | D:5      | Mangled by an orc warrior

Skill      XL: |  1  2  3  4  5  6  7  8 |
---------------+-------------------------+-----
Dodging        | 1 2 3 4 5 6 9 10 | 10.3
Stealth        | 4 5 6 7 9 10 | 10.5
Fighting       | |  1.7
Polearms       | |  1.7
Bows           | |  1.0
Throwing       | |  1.0
Armour         | |  1.5

Action                   |  1- 3 |  4- 6 |  7- 9 || total
-------------------------+-------+-------+-------++-------
Melee: Spear             |   107 |    26 |       ||   133
       Bite              |    14 |    21 |    13 ||    48
       Long sword        |       |    93 |       ||    93
       Unarmed           |       |    17 |       ||    17
       Dagger            |       |    10 |    84 ||    94
       Short sword       |       |    57 |       ||    57
       Rapier            |       |       |    46 ||    46
 Abil: End Transformatio |       |     1 |       ||     1
       Bat Form          |       |     1 |       ||     1
       Evoke Berserk Rag |       |       |     1 ||     1
  Use: Potion            |     1 |    15 |     2 ||    18
       Scroll            |       |    11 |     1 ||    12
 Stab: Sleeping          |     6 |     4 |     5 ||    15
       Distracted        |       |     4 |       ||     4
  Eat: Corpse            |       |       |     2 ||     2
Armor: Leather armour    |    23 |    30 |    15 ||    68
       Robe              |     1 |       |       ||     1
Dodge: Dodged            |    89 |   243 |   103 ||   435
       Rpst.: Long sword |       |    34 |       ||    34
